 Dungeon Crawl Stone Soup version 0.31-a0-155-gb63f529262 (webtiles) character file.

Game seed: 6555525497617220086

3411 Mercurial the Shield-Bearer (level 9, -5/92 HPs)
             Began as a Troll Fighter on June 11, 2023.
             Was a Priest of Okawaru.
             Slain by an orc warlord
             ... wielding a +4 broad axe
              (25 damage)
             ... in a bailey.
             The game lasted 00:20:41 (7674 turns).

Mercurial the Shield-Bearer (Troll Fighter)         Turns: 7674, Time: 00:20:42

Health: -5/92      AC: 10    Str: 30    XL:     9   Next: 76%
Magic:  8/8        EV: 11    Int:  4    God:    Okawaru [***...]
Gold:   155        SH: 12    Dex: 14    Spells: 8/8 levels left

rFire   + . .        C - +3 flail
rCold   + . .        g - +2 kite shield of Obbi {Dex+5}
rNeg    + . .        y - +2 robe {rN+}
rPois   .            (helmet restricted)
rElec   .            h - scarf {rC+ rF+}
rCorr   .            (gloves unavailable)
SInv    .            (boots unavailable)
Will    .....        j - amulet of regeneration
Stlth   +            u - +4 ring of protection
HPRegen 1.95/turn    (no ring)
MPRegen 0.11/turn

%: no passive effects
@: no status effects
A: large, unfitting armour, claws 3, regeneration 1, shaggy fur 1, tough skin 1
a: Renounce Religion, Heroism


You were in a bailey.
You worshipped Okawaru.
Okawaru was most pleased with you.
You visited 1 branch of the dungeon, and saw 7 of its levels.
You also visited: Bailey.

You collected 240 gold pieces.
You spent 85 gold pieces at shops.

Inventory:

Hand Weapons
 C - a +3 flail (weapon)
Missiles
 q - a throwing net
Armour
 g - the +2 kite shield of Obbi (worn) {Dex+5}
   (You acquired it in a bailey)

   Dex:       It affects your dexterity (+5).
 h - a scarf of resistance (worn)
 y - a +2 robe of positive energy (worn)
Jewellery
 j - an amulet of regeneration (around neck)
 u - a +4 ring of protection (left claw)
Wands
 x - a wand of light (3)
Scrolls
 a - a scroll of brand weapon
 k - 2 scrolls of blinking
 l - a scroll of fear
 m - 8 scrolls of teleportation
 n - a scroll of noise
 o - 3 scrolls of magic mapping
 p - 2 scrolls of butterflies
 v - a scroll of fog
 A - a scroll of poison
 B - a scroll of enchant armour
Potions
 b - a potion of cancellation {unknown}
 d - 2 potions of might
 e - a potion of heal wounds {unknown}
 f - 3 potions of lignification {unknown}
 i - 3 potions of attraction {unknown}
 s - 4 potions of curing
 t - 3 potions of magic {unknown}
 w - 2 potions of enlightenment {unknown}
 z - 2 potions of haste {unknown}


   Skills:
 + Level 6.7 Fighting
 + Level 7.0 Maces & Flails
 - Level 5.0 Dodging
 + Level 7.3 Shields


You had 8 spell levels left.
You didn't know any spells.
Your spell library contained the following spells:

 Spells                   Type           Power      Damage    Failure   Level
 Foxfire                  Conj/Fire      0%         2x1d4     67%         1
 Blade Hands              Tmut           0%         N/A       100%        5
 Fireball                 Conj/Fire      0%         3d3       100%        5
 Irradiate                Conj/Tmut      0%         3d11      100%        5
 Plasma Beam              Fire/Air       0%         2x1d10    100%        6
 Starburst                Conj/Fire      0%         6d3       100%        6
 Dragon Form              Tmut           0%         N/A       100%        7


Dungeon Overview and Level Annotations

Branches:
Dungeon (7/15)             Temple (0/1) D:6          Bailey (1/1)

Altars:
Fedhas
Gozag
Kikubaaqudgha
Makhleb
Okawaru
Qazlal
Sif Muna
Wu Jian
Xom
Yredelemnul
Zin
The Shining One

Shops:
D:1 [

Annotations:
D:5 1 runed translucent door, Elmgren's ghost, novice MiHu
D:7 1 runed translucent door


Innate Abilities, Weirdness & Mutations

You are too large for most types of armour.
You have claws for hands.
Your natural rate of healing is unusually fast.
You are covered in fur. (AC +1)
You have tough skin. (AC +1)


Message History

You barely miss the orc warlord.
The orc warlord is lightly wounded.
The orc warlord hits you with a +4 broad axe!
You block the hobgoblin's attack. The orc warrior barely misses you.
You are too injured to fight recklessly!
You are too injured to fight recklessly!
You are too injured to fight recklessly!
You are too injured to fight recklessly!
You are too injured to fight recklessly!
You are too injured to fight recklessly!
You are too injured to fight recklessly!
You are too injured to fight recklessly!
You are too injured to fight recklessly!
You are too injured to fight recklessly!
You are too injured to fight recklessly!
You are too injured to fight recklessly!
You are too injured to fight recklessly!
You are too injured to fight recklessly!
You are too injured to fight recklessly!
You are too injured to fight recklessly!
The hobgoblin attacks as you move away! You block the hobgoblin's attack.
The orc warrior attacks as you move away!
The orc warrior hits you with a +0 war axe.
The orc warlord attacks as you move away!
You block the orc warlord's attack.
The orc warlord attacks as you move away!
The orc warlord hits you with a +4 broad axe!
The hobgoblin attacks as you move away!
The hobgoblin hits you but does no damage.
The orc warlord attacks as you move away!
You block the orc warlord's attack.
There is an open door here.
The hobgoblin attacks as you move away!
The hobgoblin hits you with a +0 hand axe.
The orc warlord attacks as you move away!
The orc warlord hits you with a +4 broad axe!!
* * * LOW HITPOINT WARNING * * *
The orc warlord attacks as you move away!
The orc warlord hits you with a +4 broad axe!!
You die...

##.........## 8.88##...
#.....⌠.....# '###....
##.....)...## g###...
#.........# . #...
##..)....## ##..
#.......# #.. ##.g...##
##. ##o#### ##
##..@..## ##. #.......#
#.. ##.......## ##..
#.........# #...
##.......).## ##...
#.....⌠.....#######.)).
##.........##.....##.).
#.........#.......#...
##......)##.......##..


You could see an orc warlord and a hobgoblin.

Vanquished Creatures
  Pikel (D:5)
  Sigmund (D:4)
  Eustachio (D:4)
  Menkaure (D:6)
  Edmund (D:4)
  A water moccasin (D:6)
  8 orc warriors (Bailey)
  A black bear (D:6)
  3 centaurs
  Blork the orc (D:4)
  2 bullfrogs
  A scorpion (D:6)
  3 wights
  A killer bee (D:6)
  2 jellies (D:6)
  An orc priest (D:6)
  A gnoll bouda (D:3)
  A hound (D:6)
  An iguana (D:6)
  A sleepcap (D:5)
  33 gnolls
  12 adders
  A white imp (D:6)
  2 ufetubi
  A dart slug (D:5)
  5 worms
  16 orcs
  7 ball pythons
  9 endoplasms
  3 giant cockroaches
  17 goblins
  16 hobgoblins
  11 jackals
  7 kobolds
  3 quokkas
  5 bats
  A frilled lizard (D:2)
  10 rats
192 creatures vanquished.

Notes
Turn   | Place    | Note
-------+----------+-------------------------------------------
     0 | D:1      | Mercurial the Troll Fighter began the quest for the Orb.
     0 | D:1      | Reached XP level 1. HP: 22/22 MP: 0/0
   171 | D:1      | Reached XP level 2. HP: 29/29 MP: 1/1
   814 | D:1      | Found Homehuri's Antique Armour Shop.
  1053 | D:2      | Reached XP level 3. HP: 36/36 MP: 2/2
  1345 | D:2      | Found a burning altar of Makhleb.
  1612 | D:2      | Reached XP level 4. HP: 41/44 MP: 3/3
  2308 | D:3      | Found a faded altar of an unknown god.
  2309 | D:3      | Noticed a golden eye
  2310 | D:3      | Noticed a great orb of eyes
  2311 | D:3      | Noticed a floating eye
  2311 | D:3      | Noticed an eye of devastation
  2374 | D:3      | Found an ancient bone altar of Kikubaaqudgha.
  2407 | D:3      | Found a blossoming altar of Fedhas.
  2457 | D:3      | Reached XP level 5. HP: 29/53 MP: 4/4
  2521 | D:3      | Found an ornate altar of the Wu Jian Council.
  3079 | D:4      | Noticed Blork the orc
  3088 | D:4      | Killed Blork the orc
  3089 | D:4      | Reached XP level 6. HP: 62/62 MP: 5/5
  3265 | D:4      | Found a glowing silver altar of Zin.
  3355 | D:4      | Found an opulent altar of Gozag.
  3483 | D:4      | Noticed Edmund
  3509 | D:4      | Killed Edmund
  3663 | D:4      | Noticed Eustachio
  3675 | D:4      | Killed Eustachio
  3676 | D:4      | Reached XP level 7. HP: 49/71 MP: 6/6
  3804 | D:4      | Found an iron altar of Okawaru.
  3811 | D:4      | Became a worshipper of Warmaster Okawaru
  3929 | D:4      | Noticed Sigmund
  3954 | D:5      | Entered Level 5 of the Dungeon
  3999 | D:4      | Killed Sigmund
  4000 | D:4      | Reached skill level 5 in Shields
  4502 | D:1      | Bought a glowing robe for 85 gold pieces
  4836 | D:5      | Noticed Elmgren's ghost (novice MiHu)
  4841 | D:5      | Found a runed translucent door.
  4905 | D:5      | Found a shimmering altar of Xom.
  4918 | D:5      | Found a shimmering blue altar of Sif Muna.
  5375 | D:5      | Noticed Pikel
  5377 | D:5      | Found a stormy altar of Qazlal.
  5413 | D:5      | Killed Pikel
  5413 | D:5      | Reached * piety under Okawaru
  5414 | D:5      | Reached skill level 5 in Fighting
  5414 | D:5      | Reached skill level 5 in Maces & Flails
  5414 | D:5      | Reached XP level 8. HP: 54/80 MP: 7/7
  6267 | D:6      | Found a staircase to the Ecumenical Temple.
  6268 | D:6      | Noticed Menkaure
  6278 | D:6      | Killed Menkaure
  6649 | D:6      | Reached XP level 9. HP: 66/89 MP: 8/8
  6754 | D:6      | Found a glowing golden altar of the Shining One.
  7006 | D:6      | Reached skill level 5 in Dodging
  7106 | D:7      | Reached ** piety under Okawaru
  7184 | D:7      | Found a runed translucent door.
  7190 | D:7      | Found a basalt altar of Yredelemnul.
  7207 | D:7      | Found a flagged portal.
  7217 | Bailey   | Entered a bailey
  7235 | Bailey   | Identified a scroll of acquirement
  7237 | Bailey   | Acquired the +2 kite shield of Obbi {Dex+5}
  7574 | Bailey   | Reached *** piety under Okawaru
  7658 | Bailey   | Noticed an orc warlord
  7674 | Bailey   | Slain by an orc warlord

Illustrated notes

Levels and vault maps discovered:
D:1:      minmay_arrival_three_doors, layout_basic, serial_shops,
          nicolae_shop_stone, serial_curves, eino_curves_02, eino_curves_04,
          eino_curves_03, eino_curves_02, nicolae_figureground_sparkle
D:2:      layout_basic, basic_altar
D:3:      kb_forest_paths, layout_basic, kiku_gazebo_garden_becter,
          lemuel_tele_altar, mainiacjoe_overflow_concentric_impassable,
          hellmonk_ecumenical_altar_watching_god
D:4:      layout_basic, kennysheep_little_box, old_standard_altar,
          overflow_temple_1_default, corexii_corridor_pit,
          minmay_three_crescents, uniq_edmund, uniq_eustachio, uniq_sigmund,
          uniq_blork_the_orc
D:5:      layout_loops_ring, kennysheep_orc_sif_temple,
          nicolae_overflow_hidden_temple, nicolae_qazlal_general_emergency,
          hellmonk_ghost_happy_afterlife, uniq_pikel
D:6:      layout_basic, tso_oasis_becter, minmay_temple_entry_statues_fountains,
          minmay_quadrilaterals, uniq_menkaure
D:7:      layout_basic, dk_yredelemnul_ordeal,
          mainiacjoe_overflow_surrounded_room, lightli_bailey_entry_fortress
Bailey:   bailey_axe_minmay_hex_keep, bailey

Skill      XL: |  1  2  3  4  5  6  7  8  9 |
---------------+----------------------------+-----
Maces & Flails | 2 3 4 5 7 |  7.0
Shields        | 3 4 5 6 7 |  7.3
Dodging        | 3 4 5 |  5.0
Fighting       | 3 4 5 6 |  6.7

Action                     |  1- 3 |  4- 6 |  7- 9 || total
---------------------------+-------+-------+-------++-------
  Melee: Flail             |   114 |   130 |   168 ||   412
         Mace              |       |   116 |   292 ||   408
    Use: Scroll            |       |       |    12 ||    12
   Stab: Sleeping          |     2 |     1 |       ||     3
 Armour: Robe              |    30 |    62 |   133 ||   225
  Dodge: Dodged            |    62 |   102 |   211 ||   375
  Block: Kite shield       |    47 |   124 |   319 ||   490

Table legend: (Time is in decaauts)
 A = Elapsed time spent in this place.
 B = Non-inter-level travel time spent in this place.
 C = Inter-level travel time spent in this place.
 D = Time resting spent in this place.
 E = Time spent auto-exploring this place.
 F = Levels seen in this place.
 G = Mean time per level.
                   A        B        C        D        E       F      G
               +--------+--------+--------+--------+--------+-----+--------+
         Total |   7920 |   6971 |    949 |    234 |   4411 |   8 |  990.0 |
       Dungeon |   7445 |   6496 |    949 |    234 |   4406 |   7 | 1063.6 |
        Bailey |    474 |    474 |      0 |      0 |      5 |   1 |  474.0 |
               +--------+--------+--------+--------+--------+-----+--------+

Top non-repeatable levels by time:
     D:4: 1599 daAuts
     D:1: 1378 daAuts
     D:6: 1374 daAuts
     D:3: 1068 daAuts
     D:2: 993 daAuts
     D:5: 860 daAuts
  Bailey: 474 daAuts
     D:7: 172 daAuts
